 Dungeon Crawl Stone Soup version 0.29.1-13-g9f3cf754e1 (webtiles) character file.

Game seed: 16968643065241746542

6 Hrothgar the Trooper (level 1, -3/19 HPs)
             Began as a Ghoul Fighter on Feb 8, 2023.
             Was a Follower of Makhleb.
             Slain by a gnoll
             ... wielding a +0 spear
              (8 damage)
             ... on level 1 of the Dungeon.
             The game lasted 00:01:10 (211 turns).

Hrothgar the Trooper (Ghoul Fighter)                 Turns: 211, Time: 00:01:18

Health: -3/19      AC:  6    Str: 19    XL:     1   Next: 90%
Magic:  0/0        EV:  9    Int:  3    God:    Makhleb [*.....]
Gold:   33         SH:  4    Dex:  8    Spells: 0/0 levels left

rFire   . . .      SeeInvis .   a - +0 war axe
rCold   + . .      Faith    .   c - +0 buckler
rNeg    + + +      Spirit   .   b - +0 scale mail
rPois   ∞          Reflect  .   (no helmet)
rElec   .          Harm     .   (no cloak)
rCorr   .          Rampage  .   (no gloves)
Will    .....                   (no boots)
Stlth   ..........              (no amulet)
HPRegen 0.00/turn               (no ring)
MPRegen 0.07/turn               (no ring)

@: inhibited regen
A: claws 1, cold resistance 1, negative energy resistance 3, inhibited
regeneration, torment resistance 2, devour on kill
a: Renounce Religion


You were on level 1 of the Dungeon.
You worshipped Makhleb.
Makhleb was aware of your devotion.
You visited 1 branch of the dungeon, and saw 1 of its levels.

You collected 33 gold pieces.

Inventory:

Hand Weapons
 a - a +0 war axe (weapon)
Armour
 b - a +0 scale mail (worn)
 c - a +0 buckler (worn)
Potions
 d - a potion of might
 e - a potion of attraction {unknown}
 f - a potion of mutation {unknown}
 g - a potion of curing {unknown}


   Skills:
 * Level 3.4 Fighting
 * Level 1.9 Axes
 * Level 2.7 Armour
 * Level 0.2 Stealth
 * Level 2.7 Shields
 * Level 0.3 Unarmed Combat


You couldn't memorise any spells.
You didn't know any spells.
Your spell library was empty.

Dungeon Overview and Level Annotations

Branches:
Dungeon (1/15)

Altars:
Makhleb


Innate Abilities, Weirdness & Mutations

You are immune to poison.
You have sharp fingernails.
Your flesh is cold resistant. (rC+)
You are immune to negative energy. (rN+++)
You do not regenerate when monsters are visible.
You are immune to unholy pain and torment.
You thrive by killing the living.


Message History

A hobgoblin comes into view.
The hobgoblin shouts!
You hear a shout!
The hobgoblin moves out of view.
The hobgoblin hits you but does no damage.
A goblin comes into view. It is wielding a +0 dagger.
The goblin shouts!
The hobgoblin hits you but does no damage.
The hobgoblin barely misses you. The hobgoblin barely misses you.
The goblin closely misses you.
You hit the goblin but do no damage. You hit the hobgoblin but do no damage.
The hobgoblin hits you but does no damage.
The goblin closely misses you.
A gnoll comes into view. It is wielding a +0 spear.
The hobgoblin barely misses you. The goblin completely misses you.
You hit the hobgoblin but do no damage. You hit the goblin.
The hobgoblin hits you but does no damage.
The goblin hits you with a +0 dagger.
You hit the hobgoblin.
The hobgoblin is heavily wounded.
You closely miss the goblin. The hobgoblin barely misses you.
The goblin hits you but does no damage.
The gnoll hits you from afar with a +0 spear.
The hobgoblin barely misses you.
The gnoll hits you from afar with a +0 spear.
You block the goblin's attack.
You barely miss the hobgoblin.
The hobgoblin is heavily wounded.
You closely miss the goblin.
The hobgoblin hits you but does no damage.
The goblin hits you with a +0 dagger.
The gnoll hits you from afar with a +0 spear!
* * * LOW HITPOINT WARNING * * *
You slash the goblin!
You kill the goblin!
Makhleb accepts your kill.
You feel better.
You barely miss the hobgoblin. You block the gnoll's attack.
The hobgoblin hits you but does no damage.
You block the hobgoblin's attack.
The gnoll hits you from afar with a +0 spear!
You die...

***,,* *,**,***,**** #..*
*,**,,,,,* #..* *,****,***
*##..###**,****,,**
********,.....,,,,,,,,,,,*
*,,,,,,,,#....,,,,****,,,*
*,*******#.g.#***** *,,,****
*,* #..)####### *,,,,,,, **,**
#.g@......####,,**** **,,,**
###.##.##....,,,* **,,,,,**
#.##.#*#.#**,,*
**,,,,,,,#######.##.##..##*,#*
**,,,,,,,........#.......##.#
,,,,,,,,,#######.....#......***
***,,,,,** ###..#.#..#*,,,*** *
*,,,,** #.#._.#.#*,*,,,. *
*,*,** #..#.#..#*,***##


You could see a gnoll and a hobgoblin.

Vanquished Creatures
  2 endoplasms (D:1)
  A giant cockroach (D:1)
  A goblin (D:1)
  A bat (D:1)
  A frilled lizard (D:1)
  A kobold (D:1)
7 creatures vanquished.

Notes
Turn   | Place    | Note
-------+----------+-------------------------------------------
     0 | D:1      | Hrothgar the Ghoul Fighter began the quest for the Orb.
     0 | D:1      | Reached XP level 1. HP: 19/19 MP: 0/0
   182 | D:1      | Found a faded altar of an unknown god.
   193 | D:1      | Prayed at the altar of an unknown god.
   193 | D:1      | Became a worshipper of Makhleb the Destroyer
   193 | D:1      | Reached * piety under Makhleb
   211 | D:1      | Slain by a gnoll

Illustrated notes

Levels and vault maps discovered:
D:1:      dpeg_arrival_pond, layout_loops_ring,
          chequers_ecumenical_altar_simple_redux, minmay_box_of_dots

Action                   || total
-------------------------++-------
Melee: War axe           ||    15
  Use: Scroll            ||     1
Armor: Scale mail        ||     8
Dodge: Dodged            ||    14
Block: Buckler           ||     4
